 Dungeon Crawl Stone Soup version 0.29.1-15-g9cfb28693d (webtiles) character file.

Game seed: 7080827896458976689

22 Mickster the Chopper (level 2, -3/23 HPs)
             Began as a Demigod Wanderer on Mar 13, 2023.
             Slain by a gnoll
             ... wielding a +0 club
              (4 damage)
             ... on level 1 of the Dungeon.
             The game lasted 00:09:02 (975 turns).

Mickster the Chopper (Demigod Wanderer)              Turns: 975, Time: 00:09:02

Health: -3/23      AC:  5    Str: 12    XL:     2   Next: 51%
Magic:  4/4        EV: 11    Int: 12    God:
Gold:   18         SH:  0    Dex: 16    Spells: 1/1 levels left

rFire   . . .      SeeInvis .   a - +2 hand axe
rCold   . . .      Faith    .   (no shield)
rNeg    . . .      Spirit   .   c - +0 ring mail
rPois   .          Reflect  .   (no helmet)
rElec   .          Harm     .   (no cloak)
rCorr   .          Rampage  .   (no gloves)
Will    .....                   (no boots)
Stlth   +.........              (no amulet)
HPRegen 0.07/turn               (no ring)
MPRegen 0.09/turn               (no ring)

@: no status effects
A: high MP 1, forlorn, divine attributes
a: no special abilities


You were on level 1 of the Dungeon.
You visited 1 branch of the dungeon, and saw 1 of its levels.

You collected 18 gold pieces.

Inventory:

Hand Weapons
 a - a +2 hand axe (weapon)
 b - a +0 sling
Missiles
 f - 4 stones (quivered)
Armour
 c - a +0 ring mail (worn)
Scrolls
 d - a scroll of blinking
 e - a scroll of identify
Potions
 g - a potion of might


   Skills:
 + Level 1.0 Fighting
 + Level 3.1 Axes
 + Level 1.0 Ranged Weapons
 + Level 1.0 Throwing
 + Level 1.2 Armour
 + Level 2.2 Dodging
 + Level 1.0 Evocations


You had one spell level left.
You didn't know any spells.
Your spell library contained the following spells:

 Spells                   Type           Power      Damage    Failure   Level
 Scorch                   Fire           0%         2d5       75%         2
 Flame Wave               Conj/Fire      0%         2d4       100%        4
 Summon Cactus Giant      Summ           0%         N/A       100%        6


Dungeon Overview and Level Annotations

Branches:
Dungeon (1/15)


Innate Abilities, Weirdness & Mutations

You have an increased reservoir of magic. (+10% MP)
You shall have no god before yourself.
Your divine heritage dramatically boosts your attributes as you level up.


Message History

Aim: a gnoll, wielding a +0 sling and wearing a +0 scale mail (67% to hit)
You throw a stone.
The stone hits the gnoll but does no damage.
The gnoll shoots a sling bullet.
The sling bullet closely misses you.
Throw: 5 stones
Press: ? - help, Q - select action Shift-Dir - straight line, f/p - gnoll
Aim: a gnoll, wielding a +0 sling and wearing a +0 scale mail (67% to hit)
You throw a stone.
The stone hits the gnoll but does no damage.
The gnoll shoots a sling bullet.
The sling bullet barely misses you.
The gnoll shoots a sling bullet.
The sling bullet hits you.
The gnoll shoots a sling bullet.
The sling bullet barely misses you.
The gnoll shoots a sling bullet.
The sling bullet hits you but does no damage.
The gnoll unwields a +0 sling.
The gnoll wields a +0 club.
The gnoll hits you with a +0 club.
You hit the gnoll but do no damage. The gnoll hits you with a +0 club!
You hit the gnoll but do no damage. The gnoll hits you but does no damage.
You closely miss the gnoll. The gnoll hits you with a +0 club.
You hit the gnoll but do no damage. The gnoll hits you but does no damage.
You closely miss the gnoll. The gnoll hits you with a +0 club. x2
* * * LOW HITPOINT WARNING * * *
You hit the gnoll but do no damage. The gnoll completely misses you.
You hit the gnoll.
The gnoll is lightly wounded.
The gnoll barely misses you.
You hit the gnoll.
The gnoll is moderately wounded.
The gnoll completely misses you.
You closely miss the gnoll.
The gnoll is moderately wounded.
The gnoll hits you with a +0 club.
* * * LOW HITPOINT WARNING * * *
You hit the gnoll.
The gnoll is heavily wounded.
The gnoll closely misses you.
You hit the gnoll.
The gnoll is heavily wounded.
The gnoll hits you with a +0 club.
You die...

###............ #..†........#
#....#......### .####.....####
##...##...###.. ....###'###...
#.........'.... ......'.'.....
##...#....###.. ....###'###...
#...#.......#### .####.....####
.#......#......#####.....###...#
#...##..#....#.........#....#
... ###
#...###..##.@g.########## ##
##### ##########


You could see a gnoll.

Vanquished Creatures
  2 bats (D:1)
  2 endoplasms (D:1)
  2 giant cockroaches (D:1)
  2 goblins (D:1)
  2 hobgoblins (D:1)
  2 jackals (D:1)
  A quokka (D:1)
  3 ball pythons (D:1)
  2 rats (D:1)
18 creatures vanquished.

Notes
Turn   | Place    | Note
-------+----------+-------------------------------------------
     0 | D:1      | Mickster the Demigod Wanderer began the quest for the Orb.
     0 | D:1      | Mickster set off with the following items: a +2 hand axe, a
                  | +0 sling, a +0 ring mail, a scroll of blinking.
     0 | D:1      | Reached XP level 1. HP: 16/16 MP: 3/3
   557 | D:1      | Reached skill level 3 in Axes
   672 | D:1      | Reached XP level 2. HP: 23/23 MP: 4/4
   973 | D:1      | HP: 1/23 [gnoll/+0 club (2)]
   975 | D:1      | Slain by a gnoll

Illustrated notes

Levels and vault maps discovered:
D:1:      elethiomel_arrival_infinity_welcomes_careful_drivers,
          layout_loops_ring, hellmonk_ecumenical_altar_zigzags, minivault_24

Skill      XL: |  1 |
---------------+----+-----
Dodging        | 2 |  2.2
Axes           | 3 |  3.1
Fighting       | |  1.0
Ranged Weapons | |  1.0
Throwing       | |  1.0
Armour         | |  1.2
Evocations     | |  1.0

Action                   || total
-------------------------++-------
Melee: Hand axe          ||    55
Throw: Stone             ||     2
  Use: Scroll            ||     3
       Potion            ||     3
Armor: Ring mail         ||    31
Dodge: Dodged            ||    42
